 Dungeon Crawl Stone Soup version 0.31-a0-161-gb58dd9be76 (webtiles) character file.

Game seed: 6141456962302925449

73 BlueFish the Charlatan (level 4, -4/36 HPs)
             Began as a Draconian Artificer on June 12, 2023.
             Slain by Jessica
             ... wielding a +0 dagger
              (7 damage)
             ... on level 2 of the Dungeon.
             The game lasted 00:02:13 (1341 turns).

BlueFish the Charlatan (Draconian Artificer)        Turns: 1341, Time: 00:02:13

Health: -4/36      AC:  5    Str: 14    XL:     4   Next: 8%
Magic:  4/4        EV: 12    Int: 13    God:
Gold:   149        SH:  0    Dex: 12    Spells: 3/3 levels left

rFire   . . .        j - +0 whip
rCold   . . .        (no shield)
rNeg    . . .        (body armour unavailable)
rPois   .            (helmet restricted)
rElec   .            (no cloak)
rCorr   .            (no gloves)
SInv    .            (no boots)
Will    .....        (no amulet)
Stlth   ++           (no ring)
HPRegen 0.26/turn    (no ring)
MPRegen 0.09/turn

%: no passive effects
@: slowed, very slow
A: AC +5, unfitting armour, cold-blooded
a: no special abilities


You were on level 2 of the Dungeon.
You visited 1 branch of the dungeon, and saw 2 of its levels.

You collected 149 gold pieces.

Inventory:

Hand Weapons
 a - a +0 club
 f - a +0 dagger
 h - a +0 short sword
 j - a +0 whip (weapon)
Wands
 b - a wand of flame (15) (quivered)
 c - a wand of charming (14)
 d - a wand of iceblast (5)
Scrolls
 e - 3 scrolls of teleportation {unknown}
 g - 2 scrolls of immolation {unknown}
 i - 4 scrolls of identify {unknown}
 m - a scroll of poison {unknown}
Potions
 k - a potion of magic {unknown}
 l - a potion of brilliance {unknown}


   Skills:
 + Level 2.1 Fighting
 - Level 0.6 Short Blades
 + Level 1.0 Maces & Flails
 + Level 2.6 Dodging
 + Level 1.8 Stealth
 + Level 3.4 Evocations


You had 3 spell levels left.
You didn't know any spells.
Your spell library contained the following spells:

 Spells                   Type           Power      Damage    Failure   Level
 Gell's Gravitas          Tloc           0%         N/A       67%         3
 Teleport Other           Tloc           0%         N/A       67%         3
 Dispersal                Tloc           0%         N/A       100%        6


Dungeon Overview and Level Annotations

Branches:
Dungeon (2/15)

Altars:
Ashenzari

Shops:
D:2 =

Annotations:
D:2 Jessica


Innate Abilities, Weirdness & Mutations

Your plain brown scales are hard. (AC +5)
You cannot fit into any form of body armour.
You are cold-blooded and may be slowed by cold attacks.


Message History

Jessica is severely wounded.
Jessica mumbles something strange.
Jessica closely misses you.
Jessica points at you and mumbles some strange words.
You barely resist. You hit Jessica but do no damage.
You tail-slap Jessica, but do no damage.
Jessica is severely wounded.
Jessica casts a spell at you.
You feel yourself slow down.
You barely miss Jessica.
Jessica is severely wounded.
Jessica gestures wildly while chanting.
Jessica blinks!
Jessica gestures at you while chanting.
You barely resist.
Jessica grins evilly.
Jessica points at you and mumbles some strange words.
Pain shoots through your body!
You barely miss Jessica.
Jessica is severely wounded.
Jessica barely misses you. Jessica misses you.
You closely miss Jessica.
Jessica is severely wounded.
Jessica closely misses you. x2; Jessica hits you with a +0 dagger!
You hit Jessica but do no damage.
Jessica is severely wounded.
Jessica hits you with a +0 dagger. x2
* * * LOW HITPOINT WARNING * * *
You closely miss Jessica.
Jessica is heavily wounded.
Jessica hits you with a +0 dagger!
* * * LOW HITPOINT WARNING * * *
Jessica hits you with a +0 dagger.
* * * LOW HITPOINT WARNING * * *
Aiming: Charm
Press: ? - help, Shift-Dir - straight line, f - Jessica
Aim: Jessica, wielding a +0 dagger and wearing a +0 robe (heavily wounded, fast, strong, chance to affect: 67%) Jessica struggles to resist.
Jessica hits you with a +0 dagger!
You die...

#.#.##.# #.#....# #)
#.#.##.#
#.###########.
#.#.##.#
#............. #.#
#.#+##########.†.###
#.# #.........^#
#...# #.#
#..........# #...#
#.# #..........#
#...# #.#
#...@......# #####
#.# #..@.......# #.#
#.#'######## #.#
#.#.# #.# ..#.# #.#
####.# #.# #.# #.#
#.# #.# #.# #.# #.#


You could see Jessica (fast, strong).

Vanquished Creatures
  A hound (D:2)
  An adder (D:2)
  A worm (D:2)
  3 dart slugs
  An orc (D:2)
  5 bats
  An endoplasm (D:1)
  3 goblins (D:1)
  4 hobgoblins
  A kobold (D:1)
  A ball python (D:2)
  A frilled lizard (D:1)
  3 rats
26 creatures vanquished.

Notes
Turn   | Place    | Note
-------+----------+-------------------------------------------
     0 | D:1      | BlueFish the Draconian Artificer began the quest for the
                  | Orb.
     0 | D:1      | Reached XP level 1. HP: 16/16 MP: 1/1
    32 | D:1      | Reached skill level 1 in Stealth
   374 | D:1      | Reached XP level 2. HP: 23/23 MP: 2/2
   951 | D:2      | Reached XP level 3. HP: 16/29 MP: 3/3
  1038 | D:2      | Found Gurei's Jewellery Boutique.
  1154 | D:2      | Found a broken altar of Ashenzari.
  1173 | D:2      | Reached XP level 4. HP: 32/36 MP: 4/4
  1194 | D:2      | Reached skill level 1 in Maces & Flails
  1327 | D:2      | Noticed Jessica
  1341 | D:2      | Slain by Jessica

Illustrated notes

Levels and vault maps discovered:
D:1:      lightli_molten_gateway, layout_loops_ring, nicolae_wormholes
D:2:      layout_basic, basic_altar, serial_shops,
          nicolae_shop_just_a_little_nook, uniq_jessica

Skill      XL: |  1  2  3  4 |
---------------+-------------+-----
Stealth        | 1 |  1.8
Fighting       | 2 |  2.1
Maces & Flails | 1 |  1.0
Short Blades   | |  0.6
Dodging        | |  2.6
Evocations     | |  3.4

Action                     |  1- 3 |  4- 6 || total
---------------------------+-------+-------++-------
  Melee: Dagger            |    36 |       ||    36
         Club              |     8 |       ||     8
         Tailslap          |    13 |     2 ||    15
         Punch             |     2 |       ||     2
         Short sword       |    23 |       ||    23
         Whip              |    43 |    22 ||    65
  Evoke: Wand              |       |     1 ||     1
 Armour: Skin              |    24 |     7 ||    31
  Dodge: Dodged            |    76 |    14 ||    90

Table legend: (Time is in decaauts)
 A = Elapsed time spent in this place.
 B = Non-inter-level travel time spent in this place.
 C = Inter-level travel time spent in this place.
 D = Time resting spent in this place.
 E = Time spent auto-exploring this place.
 F = Levels seen in this place.
 G = Mean time per level.
                   A        B        C        D        E       F      G
               +--------+--------+--------+--------+--------+-----+--------+
         Total |   1349 |   1319 |     30 |      7 |    978 |   2 |  674.5 |
       Dungeon |   1349 |   1319 |     30 |      7 |    978 |   2 |  674.5 |
               +--------+--------+--------+--------+--------+-----+--------+

Top non-repeatable levels by time:
     D:1: 830 daAuts
     D:2: 519 daAuts
